 Dungeon Crawl Stone Soup version 0.23.0-3-gf3c87f2 (webtiles) character file.

Game seed: 11881544790235031896

13304 sighowe the Cleaver (level 11, -4/102 HPs)
             Began as a Deep Dwarf Fighter on Feb 20, 2019.
             Was an Elder of Makhleb.
             Killed from afar by a deep elf mage (36 damage)
             ... with a bolt of lightning
             ... on level 12 of the Dungeon.
             The game lasted 00:43:49 (10469 turns).

sighowe the Cleaver (Deep Dwarf Fighter)           Turns: 10469, Time: 00:43:50

Health: -4/102     AC:  8    Str: 23    XL:     11   Next: 73%
Magic:  0/5        EV: 13    Int: 19    God:    Makhleb [****..]
Gold:   787        SH: 16    Dex: 12    Spells: 16/16 levels left

rFire    . . .     SeeInvis +   b - +0 dagger (drain)
rCold    . . .     Gourm    .   x - +0 large shield
rNeg     . . .     Faith    .   B - +0 leather armour of Somewhere Else {Int+6}
rPois    .         Spirit   +   C - +1 helmet {Int+3}
rElec    .         Reflect  .   e - scarf {Spirit}
rCorr    .         Harm     .   w - +1 pair of gloves {archery}
MR       +....     Rnd*Tele +   (no boots)
Stlth    +.........             (no amulet)
HPRegen  0.00/turn              p - ring of see invisible
MPRegen  0.09/turn              g - +3 ring of strength

@: non-regenerating
A: damage resistance, heal wounds, high mp 1, sense surroundings 3, teleportitis
1, weak 1, no regeneration
a: Heal Wounds, Minor Destruction, Lesser Servant of Makhleb, Major Destruction,
Renounce Religion


You were on level 12 of the Dungeon.
You worshipped Makhleb.
Makhleb was greatly pleased with you.
You were hungry.

You visited 2 branches of the dungeon, and saw 13 of its levels.
You also visited: Ossuary and Bailey.

You collected 787 gold pieces.

Inventory:

Hand Weapons
 a - a +0 scimitar
 b - a +0 dagger of draining (weapon)
 i - a +1 whip of venom
 v - a +2 hand axe of chopping
 M - a +1 hunting sling of flaming
Missiles
 r - 10 tomahawks (quivered)
 N - 57 sling bullets
Armour
 e - a scarf of spirit shield (worn)
 w - a +1 pair of gloves of archery (worn)
 x - a +0 large shield (worn)
 B - the +0 leather armour of Somewhere Else (worn) {Int+6}
   (You found it in a bailey)

   It affects your intelligence (+6).
 C - a +1 helmet of intelligence (worn)
Jewellery
 g - a +3 ring of strength (right hand)
 p - a ring of see invisible (left hand)
 H - an uncursed ring of protection from cold
Wands
 h - a wand of disintegration (16)
 j - a wand of paralysis (8)
 n - a wand of acid (11)
 q - a wand of iceblast (16)
 E - a wand of polymorph (13)
 F - a wand of digging (5)
Scrolls
 k - 2 scrolls of immolation
 l - 6 scrolls of remove curse
 t - 2 scrolls of magic mapping
 u - a scroll of amnesia
 y - 9 scrolls of identify
 D - 3 scrolls of teleportation
 G - a scroll of fear
Potions
 c - a potion of resistance
 d - a potion of might
 m - 3 potions of brilliance
 s - a potion of magic
 z - 3 potions of cancellation
 K - a potion of haste
 L - a potion of flight
 P - a potion of curing
Miscellaneous
 A - a fan of gales (inert)
Comestibles
 f - 24 rations


   Skills:
 * Level 7.7 Fighting
 * Level 9.0(10.2) Axes
 * Level 6.9(8.7) Maces & Flails
 + Level 3.6 Slings
 + Level 8.6 Armour
 * Level 8.8 Dodging
 + Level 7.0 Shields
 - Level 3.4 Spellcasting
 * Level 4.0 Invocations


You had 16 spell levels left.
You didn't know any spells.
Your spell library contained the following spells:

 Spells                   Type           Power        Failure   Level  Hunger
 Magic Dart               Conj           #...         86%         1    None
 Sting                    Conj/Pois      #...         86%         1    None
 Blink                    Tloc           N/A          94%         2    ##.....
 Call Imp                 Summ           #.......     94%         2    ##.....
 Poisonous Vapours        Pois/Air       #.....       94%         2    ##.....
 Slow                     Hex            #.......     94%         2    ##.....
 Conjure Flame            Conj/Fire      #.......     99%         3    ###....
 Mephitic Cloud           Conj/Pois/Air  #.......     99%         3    ###....
 Olgreb's Toxic Radiance  Pois           #.......     100%        4    ####...
 Venom Bolt               Conj/Pois      #.........   100%        5    ######.


Dungeon Overview and Level Annotations

Branches:
Dungeon (12/15)            Temple (1/1) D:6            Lair (0/6) D:8
    Orc: D:9-12

Altars:
Ashenzari
Cheibriados
Dithmenos
Elyvilon
Fedhas
Gozag
Hepliaklqana
Kikubaaqudgha
Makhleb
Nemelex Xobeh
Okawaru
Qazlal
Ru
Sif Muna
Trog
Uskayaw
Vehumet
Wu Jian
Xom
Yredelemnul
Zin
The Shining One


Innate Abilities, Weirdness & Mutations

You are resistant to damage.
You can heal yourself by infusing magical energy.
You passively map a large area around you.
You do not regenerate.
You have an increased reservoir of magic. (+10% MP)
You are occasionally teleported next to monsters.
You are weak. (Str -2)


Message History

All of the chunks of flesh in your inventory have rotted away.
Your magical essence is drained by the effort!
You feel much better. The deep elf mage casts a spell at you.
The bolt of lightning misses you.
Okay, then.
Press: ? - help, Shift-Dir - straight line, f - deep elf mage
Aim: a deep elf mage, wielding a +0 dagger and wearing a +0 ring mail (lightly wounded)
The deep elf mage resists with some effort.
You block the deep elf mage's attack.
Wield which item (- for none, * to show all)? (? for menu, Esc to quit)
You sense an unholy aura.
b - a +0 dagger of draining (weapon)
You closely miss the deep elf mage.
The deep elf mage is lightly wounded.
The deep elf mage gestures at you while chanting.
The bolt of lightning hits you!! The deep elf mage casts a spell at you.
The bolt of lightning hits you!!!
You die...

, , ** , * ,* *,
, ,* * * , , ,,
,. , , ** * * ,
.. *** * * ..., ,
* ##########....
,,,**
#.....)....... ,
, ,
#.....@e......,,,
**,
#...).)#...... *
##..((.# ..... *
* *, , #..<..#,
?... * *, ,
#.....# ... * ,
#####.#, , .. , *
#.#* , . * #.. ,
, , * #### , *
*,,


You could see a deep elf mage.

Vanquished Creatures
  Erica (D:9)
  An unseen horror (D:10)
  2 ugly things
  2 centaur zombies
  Joseph (D:8)
  2 centaur skeletons (D:10)
  A gargoyle (D:12)
  A troll (D:12)
  3 hippogriffs
  A wyvern (D:10)
  18 yaks
  A hungry ghost (D:10)
  A water moccasin (D:10)
  Duvessa (D:7)
  3 ice beasts
  2 phantoms (D:10)
  5 orc warriors
  2 sky beasts
  2 ogres
  3 centaurs
  A crocodile (D:11)
  9 gnoll sergeants
  8 bullfrogs
  A water moccasin skeleton (D:7)
  3 scorpions
  Dowan (D:7)
  11 killer bees
  5 crimson imps
  2 howler monkeys (D:10)
  8 hounds
  8 jellies
  2 bullfrog skeletons
  3 orc priests
  6 orc wizards
  6 gnoll shamans (Bailey)
  8 iguanas
  Natasha (thrice) (D:4)
  10 worker ants
  A big kobold zombie (Ossuary)
  A hound zombie (D:6)
  2 human simulacra (D:9)
  A hound skeleton (D:8)
  8 mummies (Ossuary)
  A howler monkey zombie (D:5)
  17 gnolls
  10 adders
  4 shadow imps
  7 oozes
  3 adder skeletons
  3 worms (D:2)
  2 dart slugs (D:2)
  3 leopard geckos
  39 orcs
  2 ball pythons (D:5)
  6 giant cockroaches
  7 goblins
  11 hobgoblins
  13 jackals
  4 quokkas
  10 bats
  2 frilled lizards
  2 gnoll zombies (Ossuary)
  2 hobgoblin zombies (Ossuary)
  10 kobolds
  3 kobold zombies (Ossuary)
  A leopard gecko skeleton (D:4)
  9 rats
332 creatures vanquished.

Vanquished Creatures (collateral kills)
  A cyclops (D:10)
  A yak (D:9)
  2 orc wizards (D:9)
4 creatures vanquished.

Vanquished Creatures (others)
  A gnoll (D:12)
1 creature vanquished.

Grand Total: 337 creatures vanquished

Notes
Turn   | Place    | Note
-------+----------+-------------------------------------------
     0 | D:1      | sighowe the Deep Dwarf Fighter began the quest for the Orb.
     0 | D:1      | Reached XP level 1. HP: 20/20 MP: 1/1
     6 | D:1      | Noticed a swamp drake
     6 | D:1      | Noticed a hog
     7 | D:1      | Noticed a polar bear
    54 | D:1      | Reached XP level 2. HP: 27/27 MP: 0/2
   144 | D:1      | Reached skill level 1 in Dodging
   284 | D:1      | Reached XP level 3. HP: 20/34 MP: 0/3
  1065 | D:2      | Reached XP level 4. HP: 42/42 MP: 0/4
  1414 | D:3      | Reached skill level 3 in Axes
  1420 | D:3      | Gained mutation: Your muscles are strong. (Str +2) [potion
                  | of mutation]
  1420 | D:3      | Gained mutation: You have a pair of small horns on your
                  | head. [potion of mutation]
  1503 | D:3      | Lost mutation: Your muscles are strong. (Str +2) [potion of
                  | mutation]
  1503 | D:3      | Lost mutation: You have a pair of small horns on your head.
                  | [potion of mutation]
  1503 | D:3      | Gained mutation: You are somewhat resistant to further
                  | mutation. [potion of mutation]
  1503 | D:3      | Gained mutation: You tend to lose your temper in combat.
                  | [potion of mutation]
  1503 | D:3      | Gained mutation: You are agile. (Dex +2) [potion of
                  | mutation]
  1632 | D:3      | Found an opulent altar of Gozag.
  1791 | D:3      | Found a basalt altar of Yredelemnul.
  1896 | D:3      | Lost mutation: You are agile. (Dex +2) [potion of mutation]
  1896 | D:3      | Lost mutation: You tend to lose your temper in combat.
                  | [potion of mutation]
  1896 | D:3      | Gained mutation: Your body sometimes deteriorates upon
                  | taking damage. [potion of mutation]
  1909 | D:3      | Reached XP level 5. HP: 47/49 MP: 0/6
  1986 | D:4      | Found an ancient bone altar of Kikubaaqudgha.
  2128 | D:4      | Reached skill level 1 in Spellcasting
  2319 | D:4      | Reached XP level 6. HP: 35/57 MP: 0/7
  2514 | D:4      | Noticed Natasha
  2523 | D:4      | Killed Natasha
  2811 | D:4      | Noticed Natasha
  2820 | D:4      | Killed Natasha
  2918 | D:4      | Noticed Natasha
  2934 | D:4      | Killed Natasha
  2934 | D:4      | Reached skill level 4 in Axes
  2991 | D:5      | Entered Level 5 of the Dungeon
  3131 | D:5      | Found a hide-covered altar of Uskayaw.
  3186 | D:5      | Reached XP level 7. HP: 46/64 MP: 0/8
  3219 | D:5      | Reached skill level 5 in Armour
  3952 | D:6      | Reached skill level 1 in Maces & Flails
  4006 | D:6      | Found a blossoming altar of Fedhas.
  4006 | D:6      | Found a bloodstained altar of Trog.
  4006 | D:6      | Found a glowing silver altar of Zin.
  4007 | D:6      | Found a snail-covered altar of Cheibriados.
  4261 | D:6      | Reached XP level 8. HP: 40/73 MP: 6/8
  4346 | D:6      | Found a staircase to the Ecumenical Temple.
  4353 | Temple   | Entered the Ecumenical Temple
  4436 | Temple   | Became a worshipper of Makhleb the Destroyer
  4474 | D:6      | Reached skill level 5 in Axes
  4687 | D:6      | Found a shattered altar of Ashenzari.
  4872 | D:7      | Found a flagged portal.
  4905 | Bailey   | Entered a bailey
  5008 | Bailey   | Reached skill level 5 in Fighting
  5105 | Bailey   | Reached skill level 5 in Dodging
  5130 | Bailey   | Reached skill level 5 in Shields
  5332 | Bailey   | Gained mutation: You passively map the area around you.
                  | [Deep Dwarf growth]
  5332 | Bailey   | Reached XP level 9. HP: 47/81 MP: 0/9
  5420 | Bailey   | Got an ancient leather armour
  5446 | Bailey   | Identified the +0 leather armour of Somewhere Else {Int+6}
                  | (You found it in a bailey)
  5554 | D:7      | Reached * piety under Makhleb
  5885 | D:7      | Reached skill level 6 in Axes
  6180 | D:7      | Noticed Dowan
  6200 | D:7      | Killed Dowan
  6204 | D:7      | Noticed Duvessa
  6223 | D:7      | Killed Duvessa
  6247 | D:7      | Found a stormy altar of Qazlal.
  6653 | D:8      | Found a sand-covered staircase.
  6657 | Ossuary  | Entered an ossuary
  6668 | Ossuary  | Reached ** piety under Makhleb
  6909 | Ossuary  | Lost mutation: Your body sometimes deteriorates upon taking
                  | damage. [potion of mutation]
  6909 | Ossuary  | Lost mutation: You are somewhat resistant to further
                  | mutation. [potion of mutation]
  6909 | Ossuary  | Gained mutation: You are clumsy. (Dex -2) [potion of
                  | mutation]
  6909 | Ossuary  | Gained mutation: You have a pair of small horns on your
                  | head. [potion of mutation]
  6909 | Ossuary  | Gained mutation: Your movements are slightly less
                  | encumbered by armour. (ER -2) [potion of mutation]
  6910 | Ossuary  | Lost mutation: Your movements are slightly less encumbered
                  | by armour. (ER -2) [potion of mutation]
  6910 | Ossuary  | Lost mutation: You are clumsy. (Dex -2) [potion of
                  | mutation]
  6910 | Ossuary  | Lost mutation: You have a pair of small horns on your head.
                  | [potion of mutation]
  6910 | Ossuary  | Gained mutation: You have an increased reservoir of magic.
                  | (+10% MP) [potion of mutation]
  6910 | Ossuary  | Gained mutation: You are frail. (-10% HP) [potion of
                  | mutation]
  6910 | Ossuary  | Gained mutation: You have large cloven feet. [potion of
                  | mutation]
  6911 | Ossuary  | Lost mutation: You are frail. (-10% HP) [potion of
                  | mutation]
  6911 | Ossuary  | Lost mutation: You have an increased reservoir of magic.
                  | (+10% MP) [potion of mutation]
  6911 | Ossuary  | Lost mutation: You have large cloven feet. [potion of
                  | mutation]
  6911 | Ossuary  | Gained mutation: You are weak. (Str -2) [potion of
                  | mutation]
  6911 | Ossuary  | Gained mutation: You have an increased reservoir of magic.
                  | (+10% MP) [potion of mutation]
  6911 | Ossuary  | Gained mutation: You are occasionally teleported next to
                  | monsters. [potion of mutation]
  6911 | Ossuary  | Gained mutation: You passively map a large area around you.
                  | [potion of mutation]
  7049 | D:8      | Noticed Joseph
  7084 | D:8      | Killed Joseph
  7169 | D:8      | Reached XP level 10. HP: 61/91 MP: 0/9
  7281 | D:8      | Found a staircase to the Lair.
  7735 | D:9      | Noticed Erica
  7758 | D:9      | Killed Erica
  7758 | D:9      | Reached skill level 7 in Axes
  7769 | D:9      | Reached skill level 5 in Maces & Flails
  7769 | D:9      | Reached skill level 1 in Slings
  7852 | D:9      | Reached *** piety under Makhleb
  8107 | D:9      | Found a hazy altar of Hepliaklqana.
  8163 | D:9      | Found a deep blue altar of Sif Muna.
  8216 | D:9      | Found an ornate altar of the Wu Jian Council.
  8664 | D:10     | Entered Level 10 of the Dungeon
  8664 | D:10     | Noticed a cyclops
  8816 | D:10     | Noticed an unseen horror
  8839 | D:10     | Killed an unseen horror
  8839 | D:10     | Reached skill level 8 in Axes
  8920 | D:10     | Reached XP level 11. HP: 60/100 MP: 0/8
  8975 | D:10     | Reached skill level 1 in Invocations
  9706 | D:11     | Reached **** piety under Makhleb
 10062 | D:11     | Noticed a brown ugly thing
 10084 | D:11     | Killed a brown ugly thing
 10392 | D:12     | Noticed a brown ugly thing
 10416 | D:12     | Killed a brown ugly thing
 10437 | D:12     | Noticed a deep elf mage
 10439 | D:12     | Reached skill level 9 in Axes
 10469 | D:12     | Killed from afar by a deep elf mage

Skill      XL: |  1  2  3  4  5  6  7  8  9 10 11 |
---------------+----------------------------------+-----
Dodging        | 1 2 3 4 5 6 7 8 |  8.8
Fighting       | 3 4 5 6 7 |  7.7
Armour         | 4 5 6 7 8 |  8.6
Axes           | 3 4 5 6 8 9 |  9.0
Spellcasting   | 1 2 3 |  3.4
Shields        | 4 5 6 7 |  7.0
Maces & Flails | 1 3 4 6 |  6.9
Slings         | 2 3 |  3.6
Invocations    | 4 |  4.0

Action                   |  1- 3 |  4- 6 |  7- 9 | 10-12 || total
-------------------------+-------+-------+-------+-------++-------
Melee: War axe           |    28 |       |    18 |       ||    46
       Whip              |    86 |   237 |   548 |   164 ||  1035
       Hand axe          |       |       |   134 |   407 ||   541
       Dagger            |       |       |       |     9 ||     9
 Fire: Hunting sling     |       |       |       |    16 ||    16
Throw: Tomahawk          |       |     7 |    21 |    95 ||   123
Invok: Minor Destruction |       |       |     2 |     9 ||    11
       Lesser Servant of |       |       |       |     4 ||     4
       Major Destruction |       |       |       |     1 ||     1
 Abil: Heal Wounds       |     1 |     4 |    28 |    17 ||    50
Evoke: Fan of gales      |       |       |       |     1 ||     1
  Use: Potion            |       |     7 |    14 |     7 ||    28
       Scroll            |       |     6 |     3 |     6 ||    15
 Stab: Distracted        |       |       |       |     2 ||     2
  Eat: Chunk             |       |     3 |     5 |     2 ||    10
       Ration            |       |     1 |     3 |     3 ||     7
Armor: Scale mail        |    59 |    91 |   121 |       ||   271
       Leather armour    |       |       |    55 |    88 ||   143
Dodge: Dodged            |    36 |    71 |   218 |   199 ||   524
Block: Shield            |    54 |   133 |    42 |       ||   229
       Large shield      |       |       |   634 |   538 ||  1172
